 Dungeon Crawl Stone Soup version 0.31.0-9-g3a7656b989 (webtiles) character file.

Game seed: 15813743042054857551

140 qw the Shooter (level 4, -2/36 HPs)
             Began as a Demigod Hunter on Feb 2, 2024.
             Slain by a yak (14 damage)
             ... on level 4 of the Dungeon.
             The game lasted 00:00:07 (2079 turns).

qw the Shooter (Demigod Hunter)                     Turns: 2079, Time: 00:00:08

Health: -2/36      AC:  8    Str: 12    XL:     4   Next: 72%
Magic:  6/6        EV: 11    Int: 11    God:
Gold:   187        SH:  0    Dex: 21    Spells: 3/3 levels left

rFire   . . .        a - +1 shortbow
rCold   . . .        (shield currently unavailable)
rNeg    . . .        d - +0 ring mail
rPois   .            (no helmet)
rElec   .            (no cloak)
rCorr   .            e - +2 pair of gloves
SInv    .            (no boots)
Will    ++...        (no amulet)
Stlth   +            k - ring of willpower
HPRegen 0.26/turn    m - ring of willpower
MPRegen 0.10/turn

%: no passive effects
@: hasted, very quick
A: high MP 1, forlorn, divine attributes
a: no special abilities


You were on level 4 of the Dungeon.
You visited 1 branch of the dungeon, and saw 4 of its levels.

You collected 187 gold pieces.


Innate Abilities, Weirdness & Mutations

You have an increased reservoir of magic. (+10% MP)
You shall have no god before yourself.
Your divine heritage dramatically boosts your attributes as you level up.


   Skills:
 - Level 2.0 Fighting
 + Level 5.3 Ranged Weapons
 - Level 1.4 Armour
 - Level 2.0 Dodging
 - Level 0.8 Stealth


You had 3 spell levels left.
You didn't know any spells.
Your spell library was empty.

Inventory:

Hand Weapons
 a - a +1 shortbow (weapon)
Armour
 d - a +0 ring mail (worn)
 e - a +2 pair of gloves (worn)
Jewellery
 k - a ring of willpower (left hand)
 m - a ring of willpower (right hand)
Potions
 f - a potion of heal wounds
 g - 3 potions of curing
 h - 2 potions of enlightenment
 i - 2 potions of haste
 l - a potion of lignification {unknown}

Dungeon Overview and Level Annotations

Branches:
Dungeon (4/15)             Temple (0/1) D:4


Message History

You shoot an arrow. The arrow hits the endoplasm!
You kill the endoplasm!
There is a fountain of sparkling water here.
A yak comes into view.
You see here 16 gold pieces.
2066 ||| DRINKING 3 potions of haste.
You feel yourself speed up.
You shoot an arrow. The arrow barely misses the yak.
A yak comes into view.
You shoot an arrow. The yak bellows!
The arrow hits the yak.
The yak is lightly wounded.
A yak comes into view.
You shoot an arrow. The arrow barely misses the yak.
The yak bellows!
The arrow hits the yak.
The yak is lightly wounded.
You shoot an arrow. The arrow barely misses the yak.
The arrow hits the yak!
The yak is moderately wounded.
You shoot an arrow. The arrow hits the yak.
The yak is lightly wounded.
A yak comes into view. x2
2072 ||| RETREEEEATING.
2073 ||| RETREEEEATING.
The yak bellows!
A yak comes into view.
The yak closely misses you.
You see here 16 gold pieces.
2074 ||| RETREEEEATING.
The yak bellows!
2075 ||| RETREEEEATING.
There is a fountain of sparkling water here.
2076 ||| RETREEEEATING.
The yak gores you!
2077 ||| RETREEEEATING.
2078 ||| RETREEEEATING.
The yak gores you! The yak barely misses you. x2
2079 ||| RETREEEEATING.
The yak gores you!
You die...

#. .. ..
##.##.##.####
###.........#..
............. .
#..}...}..#
..#.........#####
.......>.........
#.Y.......#
.#..}Y@YY..####
.....Y.Y.......##
###.........#...##
##.##.##.##....#
#.............#
#.............#
#.............######
#.............#.....
#...............#


You could see 6 yaks.

Vanquished Creatures
  An orc priest (D:3)
  4 adders
  2 dart slugs
  3 orcs (D:3)
  4 ball pythons
  9 endoplasms
  3 giant cockroaches
  9 goblins
  5 hobgoblins
  8 jackals
  3 kobolds
  3 bats
  2 frilled lizards (D:2)
  3 rats
59 creatures vanquished.

Notes
Turn   | Place    | Note
-------+----------+-------------------------------------------
     0 | D:1      | qw the Demigod Hunter began the quest for the Orb.
     0 | D:1      | Reached XP level 1. HP: 17/17 MP: 3/3
     0 | D:1      | 0 ||| qw: Version: 0.3-a-155-g5e7d8dd
     0 | D:1      | 0 ||| qw: Game counter: 416
     0 | D:1      | 0 ||| qw: Melee chars always use a shield: true
     0 | D:1      | 0 ||| qw: God list: Okawaru
     0 | D:1      | 0 ||| qw: Allow faded altars: false
     0 | D:1      | 0 ||| qw: Do Orc after clearing Dungeon:15 true
     0 | D:1      | 0 ||| qw: Do second Lair branch before Depths: true
     0 | D:1      | 0 ||| qw: Lair rune preference: random
     0 | D:1      | 0 ||| qw: Goals: Normal
     0 | D:1      | 0 ||| PLANNING D:1-11
   357 | D:1      | Reached skill level 4 in Ranged Weapons
   363 | D:1      | Reached XP level 2. HP: 24/24 MP: 4/4
   759 | D:1      | 759 ||| UPGRADING to +0 ring mail.
   769 | D:1      | 769 ||| DROPPING +0 leather armour.
   770 | D:1      | 770 ||| UPGRADING to +0 pair of gloves.
   775 | D:1      | 775 ||| READING scroll labelled NETA VEDOLA.
   776 | D:1      | 776 ||| READING scroll labelled YSUSKOJ HEIZ.
   776 | D:1      | 776 ||| ENCHANTING +0 shortbow.
   777 | D:1      | 777 ||| DRINKING 4 silvery potions.
   778 | D:1      | 778 ||| DROPPING scroll of butterflies.
   996 | D:2      | Reached XP level 3. HP: 29/29 MP: 5/5
  1387 | D:2      | 1387 ||| UPGRADING to ring of willpower.
  1388 | D:2      | 1388 ||| UPGRADING to ring of willpower.
  1389 | D:2      | 1389 ||| READING scroll labelled OTOYSTR CUMUMUI.
  1389 | D:2      | 1389 ||| ENCHANTING +0 pair of gloves.
  1390 | D:2      | 1390 ||| READING scroll labelled LOSAON KE JOFA.
  1395 | D:2      | 1395 ||| READING scroll labelled OCIALU TYEPHOA.
  1396 | D:2      | 1396 ||| DRINKING 2 golden potions.
  1397 | D:2      | 1397 ||| DRINKING 3 fizzy brown potions.
  1531 | D:3      | Reached skill level 5 in Ranged Weapons
  1540 | D:3      | Reached skill level 1 in Armour
  1540 | D:3      | Reached XP level 4. HP: 27/36 MP: 6/6
  1673 | D:3      | 1673 ||| READING scroll of enchant armour.
  1673 | D:3      | 1673 ||| ENCHANTING +1 pair of gloves.
  2006 | D:3      | 2006 ||| DRINKING 3 lumpy white potions.
  2055 | D:4      | Found a staircase to the Ecumenical Temple.
  2065 | D:4      | Noticed a yak
  2066 | D:4      | 2066 ||| DRINKING 3 potions of haste.
  2067 | D:4      | Noticed a yak
  2068 | D:4      | Noticed a yak
  2071 | D:4      | Noticed a yak
  2071 | D:4      | Noticed a yak
  2072 | D:4      | 2072 ||| RETREEEEATING.
  2073 | D:4      | 2073 ||| RETREEEEATING.
  2073 | D:4      | Noticed a yak
  2074 | D:4      | 2074 ||| RETREEEEATING.
  2075 | D:4      | 2075 ||| RETREEEEATING.
  2076 | D:4      | 2076 ||| RETREEEEATING.
  2077 | D:4      | 2077 ||| RETREEEEATING.
  2078 | D:4      | 2078 ||| RETREEEEATING.
  2079 | D:4      | 2079 ||| RETREEEEATING.
  2079 | D:4      | Slain by a yak

Levels and vault maps discovered:
D:1:      dpeg_arrival_tiny_f, layout_basic
D:2:      layout_basic
D:3:      layout_basic, chequers_serial_rivers_room_b
D:4:      layout_rooms, mainiacjoe_overflow_alcove_2,
          mainiacjoe_overflow_boulevard, okawaru_altar_gauntlet_db,
          minmay_temple_entry_large_hall

Skill      XL: |  1  2  3  4 |
---------------+-------------+-----
Ranged Weapons | 4 5 |  5.3
Fighting       | 2 |  2.0
Armour         | 1 |  1.4
Dodging        | 2 |  2.0
Stealth        | |  0.8

Action                     |  1- 3 |  4- 6 || total
---------------------------+-------+-------++-------
   Fire: Shortbow          |   106 |    53 ||   159
    Use: Scroll            |     5 |     1 ||     6
         Potion            |     3 |     2 ||     5
 Armour: Leather armour    |    15 |       ||    15
         Ring mail         |    17 |    20 ||    37
  Dodge: Dodged            |    17 |    21 ||    38

Table legend:
 A = Non-vault XP
 B = Vault XP
 C = Vault XP percentage of total XP
 D = Non-vault monster count
 E = Vault monster count
 F = Vault count percentage of total count
                 A         B        C        D         E       F
            +---------+---------+-------+---------+---------+-------
      Total |     201 |       0 |   0.0 |      59 |       0 |   0.0
            +---------+---------+-------+---------+---------+-------
        D:1 |      23 |       0 |   0.0 |      12 |       0 |   0.0
        D:2 |      46 |       0 |   0.0 |      18 |       0 |   0.0
        D:3 |     118 |       0 |   0.0 |      22 |       0 |   0.0
        D:4 |      14 |       0 |   0.0 |       7 |       0 |   0.0
            +---------+---------+-------+---------+---------+-------
